 Dungeon Crawl Stone Soup version 0.20.1-1-g8b1a95d66d (webtiles) character file.

188 Jannitor the Ducker (level 5, 0/28 HPs)
             Began as a Spriggan Abyssal Knight on Sept 5, 2018.
             Was a Believer of Lugonu.
             Killed by divine providence
             ... invoked by an orc priest
              (13 damage)
             ... on level 3 of the Dungeon.
             The game lasted 00:05:59 (5124 turns).

Jannitor the Ducker (Spriggan Abyssal Knight)       Turns: 5124, Time: 00:06:00

Health: 0/28       AC:  2    Str:  9    XL:     5   Next: 39%
Magic:  8/8        EV: 21    Int: 13    God:    Lugonu [**....]
Gold:   163        SH:  0    Dex: 16    Spells: 4/4 levels left

rFire    . . .     SeeInvis +   c - +0 rapier
rCold    . . .     Gourm    .   (shield restricted)
rNeg     . . .     Faith    .   b - +0 robe
rPois    +         Spirit   .   (helmet restricted)
rElec    .         Reflect  .   (no cloak)
rCorr    .         Harm     .   (gloves unavailable)
MR       .....                  (boots unavailable)
Stlth    +.........             (no amulet)
Regen    0.1/turn               e - ring of poison resistance
MPRegen  0.2/turn               (no ring)

@: very quick
A: unfitting armour, see invisible, herbivore 3, speed 3, slow metabolism 2
a: Depart the Abyss, Bend Space, Renounce Religion


You were on level 3 of the Dungeon.
You worshipped Lugonu.
Lugonu was pleased with you.
You were completely stuffed.

You visited 1 branch of the dungeon, and saw 4 of its levels.
You visited the Abyss 1 time.

You collected 163 gold pieces.

Inventory:

Hand Weapons
 a - a +1 short sword
 c - a +0 rapier (weapon)
Armour
 b - a +0 robe (worn)
Jewellery
 e - a ring of poison resistance (left hand)
Scrolls
 d - a scroll of fear
 f - 2 scrolls of identify
 h - 2 scrolls of teleportation
 m - a scroll of amnesia {unknown}
 n - a scroll of immolation {unknown}
Potions
 k - a potion of brilliance {unknown}
 o - a potion of flight
Books
 g - a book of Alchemy

   Spells                             Type                      Level
   a - Sublimation of Blood           Necromancy                   2
   b - Ignite Poison                  Fire/Transmutation/Poison    3
   c - Petrify                        Transmutation/Earth          4
   d - Alistair's Intoxication        Transmutation/Poison         5
   e - Irradiate                      Conjuration/Transmutation    5
 l - a book of Minor Magic

   Spells                             Type                      Level
   a - Magic Dart                     Conjuration                  1
   b - Blink                          Translocation                2
   c - Call Imp                       Summoning                    2
   d - Slow                           Hexes                        2
   e - Conjure Flame                  Conjuration/Fire             3
   f - Mephitic Cloud                 Conjuration/Poison/Air       3
Comestibles
 i - 8 fruits
 j - a royal jelly


   Skills:
 + Level 3.3 Fighting
 + Level 3.5 Short Blades
 + Level 5.3 Dodging
 + Level 3.0 Invocations


You had 4 spell levels left.
You didn't know any spells.

Dungeon Overview and Level Annotations

Branches:
Dungeon (4/15)
 Temple: D:4-7

Altars:
Ashenzari
Ru

Annotations:
D:2 Terence
D:4 Grinder


Innate Abilities, Weirdness & Mutations

You are very small and have problems with some larger weapons.
You are too small for most types of armour.
You have supernaturally acute eyesight. (SInv)
You are a herbivore.
You cover ground extremely quickly.
You need consume almost no food.


Message History

Unknown command.
You start resting.
HP restored.
Things that are here:
a club; an orc corpse You now have 140 gold pieces (gained 6).
You now have 152 gold pieces (gained 12).
You now have 163 gold pieces (gained 11).
A leopard gecko comes into view.
A leopard gecko is nearby!
Unknown command.
The orc priest shouts!
The orc priest mumbles some strange prayers to Beogh against you.
Beogh smites you!
Ouch! That really hurt!
You are too injured to fight recklessly!
Found an escape hatch in the floor.
The orc priest mumbles some strange prayers to Beogh against you.
Beogh smites you!
You die...

#.##..#..##....##...
##..#
#.#.....#....####..#
...#
##.#.#...........#..#
##..
###........#..........#
##
#......###...(.........
##......###.............
>...##..##..............
##..##..................
#.###..####....@..o....
#......# ##...........
#####..# #...l......>.
#### #............
#..........##
#..........#
#..........#
##........## ##......##


You could see an orc priest and a leopard gecko.

Vanquished Creatures
  A howler monkey (D:1)
  A hound (D:1)
  4 adders
  3 worms
  A dart slug (D:1)
  3 leopard geckos
  4 orcs (D:3)
  5 hobgoblins
  5 jackals
  A ball python (D:1)
  13 bats
  3 frilled lizards (D:1)
  3 goblins
  10 kobolds
  11 rats
68 creatures vanquished.

Notes
Turn   | Place    | Note
-------+----------+-------------------------------------------
     0 | Abyss:1  | Jannitor the Spriggan Abyssal Knight began the quest for the Orb.
     0 | Abyss:1  | Reached XP level 1. HP: 11/11 MP: 3/3
    92 | Abyss:2  | Found a corrupted altar of Lugonu.
   156 | Abyss:2  | Noticed a wretched star
   159 | Abyss:2  | Noticed a large abomination
   161 | D:1      | Escaped the Abyss
   395 | D:1      | Reached * piety under Lugonu
   434 | D:1      | Reached XP level 2. HP: 10/16 MP: 4/4
   709 | D:1      | Reached skill level 4 in Dodging
  1330 | D:2      | Noticed Terence
  1441 | D:4      | Found a sacrificial altar of Ru.
  1454 | D:4      | Noticed Grinder
  1531 | D:2      | Reached XP level 3. HP: 9/19 MP: 5/5
  2186 | D:1      | Reached XP level 4. HP: 4/23 MP: 6/6
  2479 | D:1      | Reached skill level 5 in Dodging
  2678 | D:2      | Found a shattered altar of Ashenzari.
  2757 | D:2      | Reached XP level 5. HP: 17/28 MP: 8/8
  4496 | D:2      | Reached ** piety under Lugonu
  5124 | D:3      | Killed from afar by an orc priest

Skill      XL: |  1  2  3  4  5 |
---------------+----------------+-----
Dodging        | 4 5 |  5.3
Invocations    | 2 3 |  3.0
Short Blades   | 3 |  3.5
Fighting       | 3 |  3.3

Action                   |  1- 3 |  4- 6 || total
-------------------------+-------+-------++-------
Melee: Short sword       |   113 |   122 ||   235
       Rapier            |       |    32 ||    32
Invok: Depart the Abyss  |     1 |       ||     1
  Use: Scroll            |     3 |       ||     3
       Potion            |     1 |     1 ||     2
 Stab: Sleeping          |     3 |       ||     3
  Eat: Bread ration      |       |     2 ||     2
Armor: Robe              |     5 |    14 ||    19
Dodge: Dodged            |   100 |   134 ||   234
